 Dungeon Crawl Stone Soup version 0.28.0-43-g3370ac3207 (webtiles) character file.

Game seed: 9018807350958693573

540 Woods the Insei (level 7, -2/52 HPs)
             Began as a Gnoll Transmuter on Mar 23, 2022.
             Slain by a wraith (10 damage)
             ... on level 5 of the Dungeon.
             The game lasted 00:05:41 (4332 turns).

Woods the Insei (Gnoll Transmuter)                  Turns: 4332, Time: 00:05:41

Health: -2/52      AC:  6    Str:  9    XL:     7   Next: 26%
Magic:  14/15      EV: 14    Int: 14    God:
Gold:   230        SH:  0    Dex: 13    Spells: 11/17 levels left

rFire   . . .      SeeInvis .     - Unarmed
rCold   . . .      Faith    .   (no shield)
rNeg    . . .      Spirit   .   r - +2 robe {Will+}
rPois   .          Reflect  .   (helmet currently unavailable)
rElec   .          Harm     .   i - +0 cloak
rCorr   .          Rampage  .   g - +0 pair of gloves
Will    +....                   (boots currently unavailable)
Stlth   ++........              (no amulet)
HPRegen 0.17/turn               (no ring)
MPRegen 0.14/turn               (no ring)

@: appendages, slowed, very slow
A: horns 2, talons 2, fangs 1, strong nose, distributed training
a: End Transformation


You were on level 5 of the Dungeon.
You had temporarily grown beastly horns and talons.
You visited 1 branch of the dungeon, and saw 5 of its levels.

You collected 230 gold pieces.

Inventory:

Armour
 g - a +0 pair of gloves (worn)
 i - a +0 cloak (worn)
 r - a +2 robe of willpower (worn)
Jewellery
 k - a ring of fire
Wands
 h - a wand of iceblast (22)
Scrolls
 b - 3 scrolls of blinking {unknown}
 c - 2 scrolls of vulnerability {unknown}
 d - a scroll of amnesia {unknown}
 e - 8 scrolls of identify {unknown}
 o - a scroll of silence {unknown}
 p - a scroll of immolation {unknown}
 q - a scroll of magic mapping {unknown}
Potions
 a - a potion of brilliance {unknown}
 f - a potion of heal wounds {unknown}
 j - a potion of cancellation {unknown}
 l - a potion of curing {unknown}
 m - a potion of might {unknown}
 n - a potion of haste {unknown}


   Skills:
 + Level 3.5 Fighting
 + Level 2.3 Short Blades
 + Level 2.3 Long Blades
 + Level 2.3 Axes
 + Level 2.3 Maces & Flails
 + Level 2.3 Polearms
 + Level 2.3 Staves
 + Level 2.3 Slings
 + Level 2.3 Bows
 + Level 2.3 Crossbows
 + Level 2.3 Throwing
 + Level 2.3 Armour
 + Level 5.2 Dodging
 + Level 2.3 Stealth
 + Level 2.3 Shields
 + Level 7.0 Unarmed Combat
 + Level 5.5 Spellcasting
 + Level 1.9 Conjurations
 + Level 1.9 Hexes
 + Level 1.9 Summonings
 + Level 1.9 Necromancy
 + Level 1.9 Translocations
 + Level 4.3 Transmutations
 + Level 1.9 Fire Magic
 + Level 1.9 Ice Magic
 + Level 1.9 Air Magic
 + Level 1.9 Earth Magic
 + Level 1.9 Poison Magic
 + Level 2.6 Invocations
 + Level 2.3 Evocations


You had 11 spell levels left.
You knew the following spells:

 Your Spells              Type           Power      Damage    Failure   Level
a - Beastly Appendage     Tmut           30%        N/A       2%          1
b - Wereblood             Tmut           15%        N/A       4%          2
c - Spider Form           Tmut/Pois      12%        N/A       14%         3

Your spell library contained the following spells:

 Spells                   Type           Power      Damage    Failure   Level
 Ice Form                 Ice/Tmut       12%        N/A       41%         4
 Freezing Cloud           Conj/Ice/Air   4%         6-21      90%         5
 Simulacrum               Ice/Necr       4%         N/A       100%        6
 Polar Vortex             Ice            4%         N/A       100%        9


Dungeon Overview and Level Annotations

Branches:
Dungeon (5/15)
 Temple: D:4-7

Altars:
Gozag
Kikubaaqudgha
Qazlal
Sif Muna


Innate Abilities, Weirdness & Mutations

You have temporarily grown beastly horns and talons.
You have very sharp teeth.
Your uncanny sense of smell can sniff out nearby items.
Your experience applies equally to all skills.


Message History

You hit the wraith but do no damage.
The wraith is heavily damaged.
Your transformation is almost over.
The wraith hits you! The wraith drains your vigour!
You feel as though you will be slow longer.
You barely miss the wraith.
The wraith is heavily damaged.
The wraith closely misses you.
You hit the wraith but do no damage.
The wraith is heavily damaged.
The wraith misses you. x2
You hit the wraith but do no damage.
The wraith is heavily damaged.
The wraith completely misses you.
You hit the wraith.
The wraith is severely damaged.
The wraith barely misses you. The wraith misses you.
You hit the wraith but do no damage.
The wraith is severely damaged.
The wraith misses you.
You hit the wraith.
The wraith is severely damaged.
The wraith misses you.
You hit the wraith.
The wraith is almost destroyed.
Your transformation has ended.
Your +0 cloak unmelds from your body.
Your +0 pair of gloves unmelds from your body.
Your +2 robe of willpower unmelds from your body.
You feel strong-willed. The wraith hits you! The wraith misses you.
Casting: Spider Form (dangerous; 14% risk of failure)
Confirm with . or Enter, or press ? or * to list all spells.
You grow a pair of large bovine horns.
Your feet morph into talons.
The wraith barely misses you.
You closely miss the wraith. Your headbutt misses the wraith.
The wraith is almost destroyed.
The wraith hits you!
* * * LOW HITPOINT WARNING * * *
The wraith hits you!
You die...

##........###... .
##.....### #..# #.
##...## #.. ##.##
##'## #. ..... #.#
......##### #.#####
......#...###.....#
......W...##...##.#
#@..#.....#.####.
#...##...........
#...###.#.#.#####
#.........#.#
#######.....#
#######


You could see a wraith.

Vanquished Creatures
  Sigmund (D:4)
  A black bear (D:5)
  A hound (D:5)
  Crazy Yiuf (D:2)
  A centaur skeleton (D:5)
  Ijyb (D:5)
  2 hound zombies (D:5)
  8 adders
  A white imp (D:5)
  A dart slug (D:3)
  3 orcs
  2 bat zombies (D:3)
  6 endoplasms
  4 giant cockroaches
  8 goblins
  7 hobgoblins
  5 jackals (D:4)
  10 kobolds
  A quokka (D:4)
  8 ball pythons
  3 bats
  2 frilled lizards
  3 rats
  3 rat zombies (D:3)
83 creatures vanquished.

Notes
Turn   | Place    | Note
-------+----------+-------------------------------------------
     0 | D:1      | Woods the Gnoll Transmuter began the quest for the Orb.
     0 | D:1      | Reached XP level 1. HP: 17/17 MP: 6/6
   535 | D:1      | Reached XP level 2. HP: 15/23 MP: 5/7
  1380 | D:2      | Reached skill level 5 in Spellcasting
  1380 | D:2      | Reached XP level 3. HP: 28/28 MP: 6/9
  1427 | D:2      | Reached skill level 1 in Invocations
  1622 | D:2      | Learned a level 2 spell: Wereblood
  1626 | D:2      | Learned a level 3 spell: Spider Form
  1714 | D:2      | Reached skill level 1 in Short Blades
  1714 | D:2      | Reached skill level 1 in Long Blades
  1714 | D:2      | Reached skill level 1 in Axes
  1714 | D:2      | Reached skill level 1 in Maces & Flails
  1714 | D:2      | Reached skill level 1 in Polearms
  1714 | D:2      | Reached skill level 1 in Staves
  1714 | D:2      | Reached skill level 1 in Slings
  1714 | D:2      | Reached skill level 1 in Bows
  1714 | D:2      | Reached skill level 1 in Crossbows
  1714 | D:2      | Reached skill level 1 in Throwing
  1714 | D:2      | Reached skill level 1 in Armour
  1714 | D:2      | Reached skill level 1 in Stealth
  1714 | D:2      | Reached skill level 1 in Shields
  1714 | D:2      | Reached skill level 1 in Evocations
  2080 | D:2      | Found a runed translucent door.
  2081 | D:2      | Noticed Crazy Yiuf
  2148 | D:2      | Killed Crazy Yiuf
  2149 | D:2      | Reached XP level 4. HP: 34/34 MP: 8/11
  2356 | D:3      | Reached skill level 1 in Conjurations
  2356 | D:3      | Reached skill level 1 in Hexes
  2356 | D:3      | Reached skill level 1 in Summonings
  2356 | D:3      | Reached skill level 1 in Necromancy
  2356 | D:3      | Reached skill level 1 in Translocations
  2356 | D:3      | Reached skill level 1 in Fire Magic
  2356 | D:3      | Reached skill level 1 in Ice Magic
  2356 | D:3      | Reached skill level 1 in Air Magic
  2356 | D:3      | Reached skill level 1 in Earth Magic
  2356 | D:3      | Reached skill level 1 in Poison Magic
  2534 | D:3      | Found an ancient bone altar of Kikubaaqudgha.
  2690 | D:3      | Found a stormy altar of Qazlal.
  2771 | D:3      | Found an opulent altar of Gozag.
  2997 | D:3      | Reached XP level 5. HP: 40/40 MP: 12/12
  3101 | D:3      | Found a faded altar of an unknown god.
  3611 | D:4      | Noticed Sigmund
  3703 | D:4      | Killed Sigmund
  3704 | D:4      | Reached skill level 5 in Dodging
  3704 | D:4      | Reached XP level 6. HP: 47/47 MP: 9/14
  4094 | D:5      | Entered Level 5 of the Dungeon
  4157 | D:5      | Noticed a black bear
  4169 | D:5      | Killed a black bear
  4170 | D:5      | Reached XP level 7. HP: 42/52 MP: 12/15
  4193 | D:5      | Noticed Ijyb
  4203 | D:5      | Killed Ijyb
  4255 | D:5      | Found a shimmering blue altar of Sif Muna.
  4270 | D:5      | Reached skill level 7 in Unarmed Combat
  4310 | D:5      | Noticed a wraith
  4332 | D:5      | Slain by a wraith

Illustrated notes

Levels and vault maps discovered:
D:1:      ebering_trefoil_3fold, layout_loops_ring
D:2:      layout_loops_ring, uniq_crazy_yiuf_cottage
D:3:      layout_loops_cross, lemuel_tele_altar,
          mainiacjoe_overflow_cross_hatched, lemuel_zombie_altar_kikubaaqudgha,
          shapermc_ecumenical_altar_petra, portal_sewer_entry_d, minmay_bisected
D:4:      layout_rooms, serial_curves, eino_curves_04, eino_curves_03,
          uniq_sigmund
D:5:      layout_loops_corners, mainiacjoe_overflow_chevrons,
          mainiacjoe_overflow_surrounded_room, grunt_temple_overflow_open,
          temple_pool_b, enter_ossuary_1, uniq_ijyb, uniq_menkaure

Skill      XL: |  1  2  3  4  5  6  7 |
---------------+----------------------+-----
Spellcasting   | 5 |  5.5
Invocations    | 1 2 |  2.6
Short Blades   | 1 2 |  2.3
Long Blades    | 1 2 |  2.3
Axes           | 1 2 |  2.3
Maces & Flails | 1 2 |  2.3
Polearms       | 1 2 |  2.3
Staves         | 1 2 |  2.3
Slings         | 1 2 |  2.3
Bows           | 1 2 |  2.3
Crossbows      | 1 2 |  2.3
Throwing       | 1 2 |  2.3
Armour         | 1 2 |  2.3
Stealth        | 1 2 |  2.3
Shields        | 1 2 |  2.3
Evocations     | 1 2 |  2.3
Conjurations   | 1 |  1.9
Hexes          | 1 |  1.9
Summonings     | 1 |  1.9
Necromancy     | 1 |  1.9
Translocations | 1 |  1.9
Fire Magic     | 1 |  1.9
Ice Magic      | 1 |  1.9
Air Magic      | 1 |  1.9
Earth Magic    | 1 |  1.9
Poison Magic   | 1 |  1.9
Fighting       | 3 |  3.5
Transmutations | 4 |  4.3
Dodging        | 5 |  5.2
Unarmed Combat | 7 |  7.0

Action                   |  1- 3 |  4- 6 |  7- 9 || total
-------------------------+-------+-------+-------++-------
Melee: Unarmed           |    75 |   130 |    49 ||   254
       Kick              |    17 |    20 |     3 ||    40
       Bite              |     6 |     7 |     3 ||    16
       Headbutt          |     7 |    12 |     2 ||    21
       Punch             |     2 |     2 |     1 ||     5
 Cast: Beastly Appendage |    21 |    22 |     2 ||    45
       Spider Form       |     1 |     4 |     3 ||     8
 Abil: End Transformatio |       |     1 |       ||     1
 Stab: Sleeping          |     1 |       |       ||     1
Armor: Robe              |    12 |    40 |     5 ||    57
       Skin              |       |     3 |     2 ||     5
Dodge: Dodged            |    49 |    97 |    46 ||   192
